 Dungeon Crawl Stone Soup version 0.18-a0-1542-g9c1a92e (webtiles) character file.

437 dvd the Gusty (level 6, -8/38 HPs)
             Began as a High Elf Air Elementalist on Mar 10, 2016.
             Was a Believer of Fedhas.
             Killed by nerve-wracking pain
             ... invoked by Grinder
              (12 damage)
             ... while paralysed by Grinder
             ... on level 5 of the Dungeon.
             The game lasted 00:13:41 (4222 turns).

dvd the Gusty (High Elf Air Elementalist)           Turns: 4222, Time: 00:13:44

Health: -8/38      AC:  3    Str:  7    XL:     6   Next: 69%
Magic:  5/13       EV:  2    Int: 22    God:    Fedhas [**....]
Gold:   251        SH:  0    Dex: 15    Spells: 4 memorised, 2 levels left

rFire  . . .     SeeInvis .     a - +2 rapier (drain)
rCold  . . .     Gourm    .     t - +0 robe
rNeg   . . .     Faith    .     (no shield)
rPois  .         Spirit   .     (no helmet)
rElec  .         Dismiss  .     (no cloak)
rCorr  .         Reflect  .     (no gloves)
SustAt .         Harm     .     x - +0 pair of boots
MR     .....                    (no amulet)
Stlth  ++........               (no ring)
                                (no ring)

@: paralysed, lethally poisoned (-8 -> -11), marked, repel missiles, not
resistant to hostile enchantments, unstealthy
A: no striking features
a: Evolution, Sunlight, Renounce Religion


You were on level 5 of the Dungeon.
You worshipped Fedhas.
Fedhas was pleased with you.
You were very hungry.

You visited 2 branches of the dungeon, and saw 6 of its levels.

You collected 251 gold pieces.

Inventory:

Hand Weapons
 a - a +2 rapier of draining (weapon)
 h - a +0 dagger
 o - a +0 shortbow
 z - a +0 long sword
Armour
 t - a +0 robe (worn)
 x - a +0 pair of boots (worn)
Scrolls
 d - a scroll of random uselessness {unknown}
 e - 3 scrolls of identify {unknown}
 i - a scroll of enchant weapon {unknown}
 k - 4 scrolls of remove curse {unknown}
 m - a scroll of fog {unknown}
 n - a scroll of blinking {unknown}
 q - a scroll of enchant armour {unknown}
 r - 2 scrolls of immolation {unknown}
 u - a scroll of fear {unknown}
 y - a scroll of teleportation {unknown}
 A - a scroll of recharging {unknown}
Potions
 f - a potion of brilliance {unknown}
 g - a potion of heal wounds {unknown}
 j - 6 potions of curing {unknown}
 l - 2 potions of degeneration {unknown}
 p - a potion of flight {unknown}
 v - 2 potions of lignification {unknown}
 w - 2 potions of haste {unknown}
Books
 b - a book of Air

   Spells                             Type                      Level
   a - Shock                          Conjuration/Air              1
   b - Swiftness                      Charms/Air                   2
   c - Repel Missiles                 Charms/Air                   2
   d - Static Discharge               Conjuration/Air              3
   e - Lightning Bolt                 Conjuration/Air              5
Comestibles
 c - 2 bread rations
 s - a fruit
 B - a meat ration


   Skills:
 + Level 1.0 Fighting
 + Level 0.2 Short Blades
 + Level 3.0 Dodging
 + Level 2.8 Stealth
 + Level 4.4 Spellcasting
 + Level 3.5 Conjurations
 + Level 6.2 Air Magic
 + Level 0.2 Invocations


You had 2 spell levels left.
You knew the following spells:

 Your Spells              Type           Power        Failure   Level  Hunger
a - Shock                 Conj/Air       ####         1%          1    None
b - Repel Missiles        Chrm/Air       ###...       6%          2    #......
c - Static Discharge      Conj/Air       ####....     6%          3    ##.....
d - Lightning Bolt        Conj/Air       ####......   50%         5    ######.


Dungeon Overview and Level Annotations

Branches:
Dungeon (5/15)             Temple (1/1) D:4

Altars:
Ashenzari
Cheibriados
Dithmenos
Elyvilon
Fedhas
Kikubaaqudgha
Makhleb
Okawaru
Pakellas
Qazlal
Ru
Sif Muna
Trog
Vehumet
Xom
Yredelemnul
Zin
The Shining One

Annotations:
D:5 Grinder, Menkaure


Message History

* * * LOW HITPOINT WARNING * * *
Menkaure calls on the powers of darkness!
Your body is wracked with pain!
* * * LOW HITPOINT WARNING * * *
The adder convulses!
An orc comes into view.
The adder bites you.
* * * LOW HITPOINT WARNING * * *
You are poisoned.
The adder poisons you! Grinder gestures at you. You resist with some effort.
* * * LOW HITPOINT WARNING * * *
You feel sick. The adder bites you but does no damage.
Menkaure casts a spell.
Menkaure seems to speed up.
Grinder gestures at you. Pain shoots through your body!
You die...
Fedhas appreciates your contribution to the ecosystem.

#.. §.≈ #..####.###.#
#+# #....r.#...# ≈.≈
#o..# .. ####
#.o#####.#
...#######....##..
§..#.......##o##.#
§..#.###.#.....#.######
.≈.'.# #.#####.S@5MZ..#
§..### #.# #...####...
§..# #.# ##..# §..# ..#
#### #### ..# # #.# #
#.. #


You could see Grinder, Menkaure, an adder, 3 orcs, a jackal zombie and a quokka.

Vanquished Creatures
  An ogre (D:4)
  A phantom (D:4)
  A crimson imp (D:5)
  A jelly (D:5)
  2 worker ants (D:4)
  3 gnolls (D:3)
  6 adders
  A worm (D:4)
  3 dart slugs
  2 giant geckos
  An orc (D:4)
  A ball python (D:2)
  8 giant cockroaches
  6 goblins
  6 hobgoblins
  4 jackals (D:3)
  A quokka (D:4)
  6 bats
  4 giant newts
  5 kobolds
  A quokka skeleton (D:4)
  4 rats
68 creatures vanquished.

Vanquished Creatures (others)
  26 toadstools
26 creatures vanquished.

Grand Total: 94 creatures vanquished

Notes
Turn   | Place    | Note
--------------------------------------------------------------
     0 | D:1      | dvd the High Elf Air Elementalist began the quest for the Orb.
     0 | D:1      | Reached XP level 1. HP: 11/11 MP: 4/4
   334 | D:1      | Reached XP level 2. HP: 17/17 MP: 2/6
   374 | D:1      | Learned a level 2 spell: Repel Missiles
   475 | D:1      | Reached skill level 4 in Air Magic
   652 | D:1      | Reached XP level 3. HP: 21/21 MP: 2/8
   709 | D:1      | Learned a level 3 spell: Static Discharge
  1517 | D:2      | Found a faded altar to an unknown god.
  1681 | D:2      | Found a glowing golden altar of the Shining One.
  1822 | D:2      | Became a worshipper of Fedhas Madash
  1822 | D:2      | Reached * piety under Fedhas
  1926 | D:3      | Reached XP level 4. HP: 27/27 MP: 6/9
  2215 | D:3      | Reached skill level 5 in Air Magic
  2734 | D:3      | Reached ** piety under Fedhas
  2776 | D:4      | Noticed a phantom
  2806 | D:4      | Reached XP level 5. HP: 31/31 MP: 9/11
  2825 | D:4      | Found a staircase to the Ecumenical Temple.
  2833 | Temple   | Entered the Ecumenical Temple
  3381 | D:4      | Noticed an ogre
  3388 | D:4      | Killed an ogre
  3701 | D:4      | Killed a phantom
  3701 | D:4      | Reached XP level 6. HP: 21/37 MP: 1/13
  3709 | D:4      | Learned a level 5 spell: Lightning Bolt
  3896 | D:4      | Found an iron altar of Okawaru.
  3896 | D:4      | Found a glowing golden altar of the Shining One.
  3897 | D:4      | Found a deep blue altar of Sif Muna.
  4055 | D:4      | Found a radiant altar of Vehumet.
  4084 | D:4      | Reached skill level 6 in Air Magic
  4152 | D:5      | Entered Level 5 of the Dungeon
  4204 | D:5      | Reached skill level 1 in Fighting
  4209 | D:5      | Noticed Grinder
  4215 | D:5      | Noticed Menkaure
  4217 | D:5      | Paralysed by Grinder for 6 turns
  4222 | D:5      | Killed from afar by Grinder

Vault maps used:
D:1:      kilobyte_arrival_exit_the_forest
D:2:      ecumenical_altar_2, nicolae_tso_carved_into_rock
D:4:      nicolae_overflow_quartered_altars, minmay_temple_entry_steel_oval,
          first_bread, minmay_bisected
D:5:      serial_shops, kennysheep_mini_moat, kennysheep_generic_room_10,
          uniq_menkaure, uniq_grinder, uniq_blork_the_orc
Temple:   minmay_temple_curvy_14

Skill      XL: |  1  2  3  4  5  6 |
---------------+-------------------+-----
Air Magic      | 4 5 6 |  6.2
Spellcasting   | 3 4 |  4.4
Conjurations   | 2 3 |  3.5
Fighting       | 1 |  1.0
Dodging        | 3 |  3.0
Short Blades   | |  0.2
Stealth        | |  2.8
Invocations    | |  0.2

Action                   |  1- 3 |  4- 6 || total
-------------------------+-------+-------++-------
Melee: Unarmed           |     1 |       ||     1
       Dagger            |     4 |     3 ||     7
       Rapier            |       |    21 ||    21
 Cast: Shock             |    69 |    96 ||   165
       Repel Missiles    |     1 |     1 ||     2
       Static Discharge  |       |     3 ||     3
Invok: Sunlight          |       |     1 ||     1
 Stab: Sleeping          |       |     1 ||     1
  Eat: Chunk             |     3 |     6 ||     9
